 Dungeon Crawl Stone Soup version 0.30.0-10-gfe55d96785 (webtiles) character file.

Game seed: 7411969089761463716

751 Pooter the Chopper (level 7, -10/93 HPs)
             Began as a Minotaur Berserker on May 15, 2023.
             Was a Priest of Trog.
             Mangled by Prince Ribbit (12 damage)
             ... on level 5 of the Dungeon on May 16, 2023.
             The game lasted 00:17:57 (3932 turns).

Pooter the Chopper (Minotaur Berserker)             Turns: 3932, Time: 00:17:58

Health: -10/93     AC:  9    Str: 23 (24) XL:     7   Next: 49%
Magic:  6/6        EV:  8    Int:  1 (4)  God:    Trog [***...]
Gold:   274        SH:  0    Dex:  7 (9)  Spells: 6/6 levels left

rFire   + . .        a - +0 war axe
rCold   . . .        (no shield)
rNeg    . . .        p - +0 chain mail
rPois   .            (helmet restricted)
rElec   .            l - +0 cloak
rCorr   .            (no gloves)
SInv    .            (no boots)
Will    ++...        (no amulet) Stlth
                     F - ring of protection from fire
HPRegen 1.35/turn    (no ring)
MPRegen 0.10/turn

%: no passive effects
@: berserking, strong-willed, regenerating, very quick
A: horns 2, retaliatory headbutt
a: Renounce Religion, Berserk, Trog's Hand


You were on level 5 of the Dungeon.
You worshipped Trog.
Trog was most pleased with you.
You visited 1 branch of the dungeon, and saw 5 of its levels.

You collected 274 gold pieces.

Inventory:

Hand Weapons
 a - a +0 war axe (weapon)
   (You found it on level 2 of the Dungeon)
 b - a +0 sling
   (You found it on level 2 of the Dungeon)
 k - a +4 trident
   (You took it off an orc on level 3 of the Dungeon)
Missiles
 g - 4 poisoned darts
 q - a throwing net {!f}
 s - 2 silver boomerangs
 Q - 24 stones (quivered)
Armour
 l - a +0 cloak (worn)
   (You found it on level 3 of the Dungeon)
 p - a +0 chain mail (worn)
   (You took it off an orc on level 3 of the Dungeon)
Jewellery
 F - a ring of protection from fire (left hand)
   (You found it on level 1 of the Dungeon)
Scrolls
 h - a scroll of fear
 m - 2 scrolls of fog
 n - 2 scrolls of vulnerability {!r}
 r - a scroll of enchant weapon {unknown}
 t - 3 scrolls of teleportation {@r4}
 u - a scroll of immolation {unknown}
Potions
 c - 4 potions of heal wounds {@q2}
 e - a potion of haste {unknown}
 f - a potion of curing {@q1}
 i - a potion of berserk rage {unknown}
 j - a potion of might {unknown}
 o - a potion of flight


   Skills:
 + Level 5.9 Fighting
 * Level 7.6 Axes
 * Level 5.0 Ranged Weapons
 - Level 2.4 Armour
 - Level 2.1 Dodging


You had 6 spell levels left.
You didn't know any spells.
Your spell library was empty.

Dungeon Overview and Level Annotations

Branches:
Dungeon (5/15)
 Temple: D:4-7

Altars:
Cheibriados

Shops:
D:4 :

Annotations:
D:5 Prince Ribbit, Sigmund


Innate Abilities, Weirdness & Mutations

You have a pair of horns on your head.
You reflexively headbutt those who attack you in melee.


Message History

Prince Ribbit blinks!
A magic dart appears from out of thin air!
The magic dart hits you.
You miss Prince Ribbit. Prince Ribbit hits you!
A red film seems to cover your vision as you go berserk!
You feel yourself moving faster!
You feel mighty!
Prince Ribbit hits you but does no damage. x2
You slash Prince Ribbit! Prince Ribbit hits you!
Unknown command.
You closely miss Prince Ribbit. Your headbutt misses Prince Ribbit.
You barely miss the iguana. You slash the ogre!
Prince Ribbit hops awkwardly around.
Prince Ribbit hits you!
You slash the iguana! You miss Prince Ribbit. You hit the ogre.
The ogre barely misses you. You furiously retaliate!
You headbutt the ogre!
You feel the power of Trog in you as your rage grows.
You kill the ogre!
Trog accepts your kill. The iguana bites you. Prince Ribbit hits you!
* * * LOW HITPOINT WARNING * * *
Your Ranged Weapons skill increases to level 5!
You slash the iguana!
You kill the iguana!
Trog accepts your kill.
You slash Prince Ribbit! Something hits you but does no damage.
Prince Ribbit hits you.
* * * LOW HITPOINT WARNING * * *
You closely miss Prince Ribbit. Prince Ribbit hits you.
* * * LOW HITPOINT WARNING * * *
You closely miss Prince Ribbit. Your headbutt misses Prince Ribbit.
Prince Ribbit hits you.
* * * LOW HITPOINT WARNING * * *
Something hits you.
* * * LOW HITPOINT WARNING * * *
You barely miss Prince Ribbit. Your headbutt misses Prince Ribbit.
Prince Ribbit hits you!
* * * LOW HITPOINT WARNING * * *
You barely miss Prince Ribbit. Your headbutt misses Prince Ribbit.
Prince Ribbit hits you!
* * * LOW HITPOINT WARNING * * *
An orc comes into view.
It is wielding a +1 dagger of electrocution.
Something hits you!
* * * LOW HITPOINT WARNING * * *
You slash Prince Ribbit! Your headbutt misses Prince Ribbit.
Prince Ribbit hits you!
You die...

#........####..
#.........#.....
#.............o.
##...............
#.............@.
#...........o...
#...........#
....
#........†).#
#...
#........F@.#
..###...
#...........#
........
#.<.........#
........
##...†......#
........
#!.....#####
........ ########
........ ........
........ .....@..


You could see Prince Ribbit, an orc wizard and an orc.

Vanquished Creatures
  2 ogres
  A phantom (D:4)
  A scorpion (D:4)
  A jelly (D:3)
  3 orc priests (D:3)
  2 hounds (D:4)
  An orc wizard (D:3)
  2 iguanas
  4 gnolls (D:3)
  6 adders
  4 worms
  A dart slug (D:1)
  13 orcs
  7 endoplasms
  4 giant cockroaches
  6 goblins
  8 hobgoblins
  3 jackals (D:2)
  11 ball pythons
  7 bats
  3 frilled lizards
  5 kobolds
  5 rats
100 creatures vanquished.

Notes
Turn   | Place    | Note
-------+----------+-------------------------------------------
     0 | D:1      | Pooter the Minotaur Berserker began the quest for the Orb.
     0 | D:1      | Reached XP level 1. HP: 19/19 MP: 0/0
   148 | D:1      | Reached skill level 4 in Axes
   182 | D:1      | Reached XP level 2. HP: 25/27 MP: 1/1
   531 | D:2      | Reached ** piety under Trog
   699 | D:2      | Reached XP level 3. HP: 11/33 MP: 2/2
  1219 | D:3      | Found a snail-covered altar of Cheibriados.
  1294 | D:3      | Reached skill level 5 in Axes
  1370 | D:3      | Reached skill level 1 in Ranged Weapons
  1373 | D:3      | Reached XP level 4. HP: 21/41 MP: 3/3
  1528 | D:3      | Reached XP level 5. HP: 47/47 MP: 4/4
  1899 | D:3      | Reached skill level 6 in Axes
  2458 | D:3      | Reached skill level 5 in Fighting
  2461 | D:3      | Reached XP level 6. HP: 56/56 MP: 5/5
  2850 | D:4      | Found Ixtean's Book Shop.
  3292 | D:4      | Reached skill level 7 in Axes
  3316 | D:4      | Reached XP level 7. HP: 53/61 MP: 6/6
  3321 | D:4      | Reached *** piety under Trog
  3615 | D:5      | Entered Level 5 of the Dungeon
  3813 | D:5      | Noticed Sigmund
  3912 | D:5      | Noticed Prince Ribbit
  3927 | D:5      | Reached skill level 5 in Ranged Weapons
  3931 | D:5      | HP: 1/93 [something (9)]
  3932 | D:5      | Mangled by Prince Ribbit

Illustrated notes

Levels and vault maps discovered:
D:1:      lightli_molten_gateway, layout_rooms
D:2:      layout_loops_cross
D:3:      layout_loops_ring, cheibriados_altar_1, kennysheep_generic_room_16
D:4:      layout_loops_corners, serial_shops, nicolae_shop_tiny_glass,
          minmay_misc_feat_x, kennysheep_potato
D:5:      layout_cave_pods, grunt_temple_overflow_open, uniq_sigmund,
          uniq_prince_ribbit1

Skill      XL: |  1  2  3  4  5  6  7 |
---------------+----------------------+-----
Axes           | 4 5 6 7 |  7.6
Fighting       | 4 5 |  5.9
Ranged Weapons | 1 2 3 4 5 |  5.0
Armour         | |  2.4
Dodging        | |  2.1

Action                     |  1- 3 |  4- 6 |  7- 9 || total
---------------------------+-------+-------+-------++-------
  Melee: Hand axe          |    35 |       |       ||    35
         Headbutt          |     9 |     5 |     6 ||    20
         War axe           |    30 |    78 |    44 ||   152
   Fire: Sling             |    24 |    29 |     7 ||    60
  Throw: Dart              |       |     5 |     1 ||     6
         Boomerang         |       |       |     3 ||     3
 Invoke: Berserk           |     3 |     3 |     2 ||     8
         Trog's Hand       |       |     1 |     2 ||     3
    Use: Scroll            |     3 |     1 |     2 ||     6
         Potion            |       |       |     3 ||     3
   Stab: Sleeping          |     1 |     1 |       ||     2
 Armour: Animal skin       |    11 |     1 |       ||    12
         Chain mail        |       |    33 |    16 ||    49
  Dodge: Dodged            |    39 |    44 |    16 ||    99
